 Dungeon Crawl Stone Soup version 0.27-a0-1322-gfdffb62a71 (webtiles) character file.

Game seed: 7684715289708222807

165 snetch the Magician (level 5, -7/36 HPs)
             Began as a Djinni Fire Elementalist on June 22, 2021.
             Was a Follower of Nemelex Xobeh.
             Killed by nerve-wracking pain
             ... invoked by an orc priest
              (8 damage)
             ... on level 3 of the Dungeon.
             The game lasted 00:09:06 (3058 turns).

snetch the Magician (Djinni Fire Elementalist)      Turns: 3058, Time: 00:09:07

Health: -7/36      AC:  7    Str:  7    XL:     5   Next: 75%
Gold:   138        EV: 12    Int: 17    God:    Nemelex Xobeh [*.....] SH:  0 Dex: 14

rFire    + + +     SeeInvis .   j - +1 dagger (venom)
rCold    x x .     Faith    .   (no shield)
rNeg     . . .     Spirit   .   k - +0 leather armour
rPois    ∞         Reflect  .   (no helmet)
rElec    .         Harm     .   (no cloak)
rCorr    .         Rampage  .   (no gloves)
Will     .....                  (boots unavailable)
Stlth    ++........             (no amulet)
HPRegen  0.12/turn              c - ring of fire
MPRegen  0.00/turn              q - +4 ring of protection

@: flying
A: sickness immunity, fire resistance 2, cold vulnerability 1, float, innate
caster, hp casting, extra vitality 1
a: Renounce Religion, Draw Escape, Draw Destruction, Draw Summoning


You were on level 3 of the Dungeon.
You worshipped Nemelex Xobeh.
Nemelex Xobeh was aware of your devotion.
You visited 1 branch of the dungeon, and saw 3 of its levels.

You collected 138 gold pieces.

Inventory:

Hand Weapons
 j - a +1 dagger of venom (weapon)
Missiles
 b - 20 bolts
 f - 44 arrows
 h - 75 sling bullets
 n - 27 stones
Armour
 a - a +0 robe
 d - a +0 ring mail
 k - a +0 leather armour (worn)
Jewellery
 c - a ring of fire (left hand)
 q - a +4 ring of protection (right hand)
Scrolls
 g - 2 scrolls of identify {unknown}
 i - a scroll of brand weapon {unknown}
 o - a scroll of teleportation {unknown}
 p - a scroll of blinking {unknown}
 r - a scroll of noise {unknown}
 s - 2 scrolls of enchant armour {unknown}
 t - a scroll of enchant weapon {unknown}
Potions
 e - 3 potions of curing {unknown}
 l - 3 potions of brilliance {unknown}
 m - a potion of haste {unknown}


   Skills:
 + Level 0.3 Fighting
 + Level 0.7 Armour
 + Level 2.7 Dodging
 + Level 2.1 Stealth
 + Level 4.1 Spellcasting


You couldn't memorise any spells.
You knew the following spells:

 Your Spells              Type           Power      Damage    Failure   Level
a - Foxfire               Conj/Fire      100%       2x1d9     4%          1
b - Conjure Flame         Conj/Fire      26%        6-21      12%         3
c - Inner Flame           Hex/Fire       26%        N/A       12%         3
d - Sticky Flame          Conj/Fire      26%        2d5       38%         4
e - Fireball              Conj/Fire      13%        3d7       75%         5
f - Sandblast             Erth           34%        2d9       4%          1
g - Blink                 Tloc           N/A        N/A       6%          2
Your spell library was empty.

Dungeon Overview and Level Annotations

Branches:
Dungeon (3/15)

Altars:
Nemelex Xobeh
Uskayaw

Shops:
D:2 (

Annotations:
D:3 dancing weapons behind stone


Innate Abilities, Weirdness & Mutations

You are immune to sickness and miasma.
You are immune to poison.
Your flesh is very heat resistant. (rF++)
You are vulnerable to cold. (rC-)
You float through the air rather than walking.
You learn spells naturally, not from books.
Your magical power is your life essence.
You have superior vitality. (+4 HP)


Message History

You feel a surge of power!
You conjure some foxfire!
The foxfire hits the orc priest.
The orc priest is severely wounded.
The foxfire hits the orc priest.
The orc priest is almost dead.
The orc priest calls down the wrath of Beogh upon you.
Beogh smites you!
You feel a surge of power!
You conjure some foxfire!
The foxfire hits the orc priest.
You kill the orc priest!
The foxfire hits the howler monkey zombie.
The howler monkey zombie is lightly damaged.
The foxfire hits the howler monkey zombie.
The howler monkey zombie is moderately damaged.
You feel a surge of power!
You conjure some foxfire!
The foxfire hits the orc priest but does no damage.
The foxfire hits the orc priest.
The orc priest is lightly wounded.
An orc comes into view. It is wielding a +0 mace.
You feel a surge of power!
You conjure some foxfire!
The foxfire hits the orc priest.
The orc priest is moderately wounded.
The howler monkey zombie barely misses you.
Unknown command.
You feel a surge of power!
You conjure some foxfire!
The foxfire hits the endoplasm!
You kill the endoplasm!
The howler monkey zombie hits you.
The orc priest calls down the wrath of Beogh upon you.
Beogh smites you!
* * * LOW HITPOINT WARNING * * *
Your foxfire dissipates!
The foxfire hits the orc priest but does no damage.
The orc priest is moderately wounded.
The foxfire hits the howler monkey zombie!
The howler monkey zombie is heavily damaged.
The orc priest invokes the aid of Beogh against you.
Pain shoots through your body!
You die...
Your body disappears without a glow.

#......# ......##
#......# ......
#......####.....
#########
#.o.......#.....
........# #.))).....#.#+#
........# #.........#
........#######...o.....#
........#....###Z......(#
........#....#..@########
...<....#....#...+
....†.).#.†..#...#
........#....#...##.#
....................#
#####...............#
##................
#)...............
#................


You could see an orc priest, an orc and a howler monkey zombie.

Vanquished Creatures
  An orc priest (D:3)
  4 adders
  A gnoll (D:1)
  2 worms (D:2)
  3 dart slugs
  2 orcs (D:3)
  4 ball pythons
  9 endoplasms
  8 giant cockroaches
  5 goblins
  4 hobgoblins
  3 jackals (D:2)
  7 quokkas
  4 bats
  2 frilled lizards (D:1)
  2 kobolds (D:1)
  7 rats
68 creatures vanquished.

Vanquished Creatures (others)
  231 foxfires
231 creatures vanquished.

Grand Total: 299 creatures vanquished

Notes
Turn   | Place    | Note
-------+----------+-------------------------------------------
     0 | D:1      | snetch the Djinni Fire Elementalist began the quest for the
                  | Orb.
     0 | D:1      | Reached XP level 1. HP: 15/15 MP: 0/0
   209 | D:1      | Reached XP level 2. HP: 17/21 MP: 0/0
   827 | D:1      | Reached XP level 3. HP: 23/25 MP: 0/0
   827 | D:1      | Learned a level 1 spell: Sandblast
   861 | D:1      | Reached skill level 3 in Spellcasting
  1201 | D:1      | Found a faded altar of an unknown god.
  1221 | D:1      | Became a worshipper of Nemelex Xobeh the Trickster
  1221 | D:1      | Reached * piety under Nemelex Xobeh
  1767 | D:2      | Reached XP level 4. HP: 24/31 MP: 0/0
  2038 | D:3      | Noticed a +0 dagger
  2038 | D:3      | Noticed a +0 spear
  2038 | D:3      | Noticed a +0 dagger
  2038 | D:3      | Noticed a +0 falchion
  2038 | D:3      | Noticed a +0 spear
  2038 | D:3      | Noticed a +0 short sword
  2038 | D:3      | Noticed a +0 short sword
  2038 | D:3      | Noticed a +0 falchion
  2062 | D:3      | Found a hide-covered altar of Uskayaw.
  2300 | D:2      | Found Buung's Antique Weapon Emporium.
  2350 | D:2      | Received a gift from Nemelex Xobeh
  2436 | D:2      | Reached XP level 5. HP: 31/35 MP: 0/0
  2436 | D:2      | Learned a level 2 spell: Blink
  2908 | D:3      | Reached skill level 4 in Spellcasting
  3057 | D:3      | HP: 1/36 [orc priest/divine providence (15)]
  3058 | D:3      | Killed from afar by an orc priest

Illustrated notes

Levels and vault maps discovered:
D:1:      dpeg_arrival_simpleton_b, layout_loops_ring,
          ebering_ecumenical_altar_rust, st_stairs_2
D:2:      minmay_door_path, layout_basic, serial_shops, shop
D:3:      cheibrodos_pilgrimage, layout_basic, nicolae_uskayaw_en_pointe,
          elyvilon_altar_3, nicolae_ru_great_annihilating_truth

Skill      XL: |  1  2  3  4  5 |
---------------+----------------+-----
Spellcasting   | 3 4 |  4.1
Stealth        | 2 |  2.1
Fighting       | |  0.3
Armour         | |  0.7
Dodging        | |  2.7

Action                   |  1- 3 |  4- 6 || total
-------------------------+-------+-------++-------
 Cast: Foxfire           |    65 |    76 ||   141
Armor: Robe              |     3 |       ||     3
       Leather armour    |       |     4 ||     4
Dodge: Dodged            |     8 |    17 ||    25

Table legend: (Time is in decaauts)
 A = Elapsed time spent in this place.
 B = Non-inter-level travel time spent in this place.
 C = Inter-level travel time spent in this place.
 D = Time resting spent in this place.
 E = Time spent auto-exploring this place.
 F = Levels seen in this place.
 G = Mean time per level.
                   A        B        C        D        E       F      G
               +--------+--------+--------+--------+--------+-----+--------+
         Total |   3062 |   2971 |     91 |     83 |   2288 |   3 | 1020.7 |
       Dungeon |   3062 |   2971 |     91 |     83 |   2288 |   3 | 1020.7 |
               +--------+--------+--------+--------+--------+-----+--------+

Top non-repeatable levels by time:
     D:1: 1592 daAuts
     D:2: 1336 daAuts
     D:3: 133 daAuts
